 Dungeon Crawl Stone Soup version 0.24-a0-582-g4d4af81 (webtiles) character file.

Game seed: 18370881849750161784

119 Firecrotchwizard the Cudgeler (level 4, -1/45 HPs)
             Began as a Troll Berserker on Aug 27, 2019.
             Was a Believer of Trog.
             Slain by a gnoll
             ... wielding a +2 spear of piercing
              (9 damage)
             ... on level 2 of the Dungeon.
             The game lasted 00:04:31 (1588 turns).

Firecrotchwizard the Cudgeler (Troll Berserker)     Turns: 1588, Time: 00:04:31

Health: -1/45      AC:  6    Str: 25    XL:     4   Next: 74%
Magic:  0/3        EV: 10    Int:  4    God:    Trog [**....]
Gold:   107        SH:  0    Dex:  9    Spells: 3/3 levels left

rFire    + . .     SeeInvis .   a - +0 mace
rCold    x . .     Gourm    +   (no shield)
rNeg     . . .     Faith    .   b - +0 animal skin
rPois    .         Spirit   +   (helmet restricted)
rElec    .         Reflect  .   k - scarf {Spirit}
rCorr    .         Harm     .   (gloves unavailable)
MR       .....                  (boots unavailable)
Stlth    +.........             (no amulet)
HPRegen  0.55/turn              h - ring of fire {rF+, rC-}
MPRegen  0.08/turn              (no ring)

@: berserk cooldown, slowed, very slow
A: large, unfitting armour, claws 3, fast metabolism 3, gourmand, regeneration
1, shaggy fur 1, tough skin 3
a: Berserk, Trog's Hand, Renounce Religion


You were on level 2 of the Dungeon.
You worshipped Trog.
Trog was pleased with you.
You were very full.

You visited 1 branch of the dungeon, and saw 2 of its levels.

You collected 107 gold pieces.

Inventory:

Hand Weapons
 a - a +0 mace (weapon)
Armour
 b - a +0 animal skin (worn)
 k - a scarf of spirit shield (worn)
   (You found it on level 2 of the Dungeon)
Jewellery
 h - a ring of fire (left claw) {rF+, rC-}
   (You found it on level 1 of the Dungeon)
 i - an uncursed amulet of regeneration {+regen, !d}
   (You took it off a kobold on level 2 of the Dungeon)
Scrolls
 d - 4 scrolls of identify {unknown}
 f - a scroll of remove curse {unknown}
 j - a scroll of noise {unknown}
Potions
 e - a potion of haste {unknown}
Comestibles
 c - 7 rations


   Skills:
 + Level 3.2 Fighting
 * Level 4.4 Maces & Flails
 - Level 2.4 Dodging


You had 3 spell levels left.
You didn't know any spells.
Your spell library was empty.

Dungeon Overview and Level Annotations

Branches:
Dungeon (2/15)

Altars:
Ru
Wu Jian


Innate Abilities, Weirdness & Mutations

You are too large for most types of armour.
You have claws for hands.
Your metabolism is lightning-fast.
You like to eat raw meat.
Your natural rate of healing is unusually fast.
You are covered in fur. (AC +1)
You have extremely tough skin. (AC +3)


Message History

You take 1 damage, and have 44/45 hp.
You sock the bat!
You kill the bat!
Trog accepts your kill.
Health restored: 45 No target in view!
d - 4 scrolls labeled OSSUKO IKHLOKK (gained 1)
An adder comes into view.
An adder is nearby!
The adder hisses angrily.
You closely miss the adder. The adder closely misses you.
The adder bites you but does no damage.
You closely miss the adder. The adder closely misses you.
You hit the adder. The adder bites you. The adder barely misses you.
You now have 2/3 mp.
You miss the adder.
The adder bites you but does no damage. x2
You hit the adder. The adder bites you.
You take 2 damage, and have 43/45 hp.
You now have 1/3 mp.
You sock the adder!
You kill the adder!
Trog accepts your kill.
No target in view!
You start resting.
Health restored: 45; MP restored: 3 You open the door.
There is an open door here.
An adder comes into view.
The adder hisses angrily.
You hear a shout!
A gnoll comes into view. It is wielding a +0 halberd.
The adder bites you but does no damage.
You closely miss the adder. The adder bites you but does no damage.
The adder closely misses you.
You hit the adder. The adder barely misses you.
The gnoll hits you from afar with a +0 halberd.
You take 1 damage, and have 44/45 hp.
You closely miss the adder. The adder closely misses you.
The gnoll hits you but does no damage. The adder bites you.
You closely miss the adder. The adder barely misses you.
The gnoll hits you from afar with a +0 halberd.
You take 5 damage, and have 39/45 hp.
You now have 2/3 mp.
The adder bites you but does no damage. The adder closely misses you.
The gnoll hits you with a +0 halberd.
You take 4 damage, and have 35/45 hp.
You now have 1/3 mp.
A red film seems to cover your vision as you go berserk!
You feel yourself moving faster!
You feel mighty!
You feel quite a bit less full. The adder bites you but does no damage.
You now have 53/67 hp.
You hit the adder.
A gnoll comes into view.
The gnoll misses you. The adder bites you but does no damage.
The gnoll shouts!
You sock the adder!
You kill the adder!
Trog accepts your kill. The gnoll hits you with a +0 halberd.
You take 2 damage, and have 51/67 hp.
You barely miss the gnoll. You hit the gnoll.
The gnoll hits you but does no damage.
You barely miss the gnoll. The gnoll hits you with a +0 halberd!
You take 8 damage, and have 44/67 hp.
You now have 0/3 mp.
You thump the gnoll!
A gnoll comes into view. It is wielding a +0 flail.
The gnoll shouts!
You sock the gnoll!
You kill the gnoll!
Trog accepts your kill.
You see here a +0 halberd.
You barely miss the gnoll. The gnoll barely misses you.
You barely miss the gnoll. The gnoll hits you.
A gnoll comes into view. It is wielding a +2 spear of piercing.
You take 1 damage, and have 45/67 hp.
You closely miss the gnoll. The gnoll hits you!
You take 7 damage, and have 38/67 hp.
You hit the gnoll. You thump the gnoll!
You kill the gnoll!
Trog accepts your kill.
You are no longer berserk.
You are exhausted.
You feel yourself slow down.
You now have 26/45 hp.
You hit the gnoll. The gnoll hits you with a +0 flail.
The gnoll barely misses you.
You take 3 damage, and have 23/45 hp.
You hit the gnoll but do no damage. The gnoll hits you but does no damage.
The gnoll barely misses you. x2
You thump the gnoll!
You kill the gnoll!
Trog accepts your kill. The gnoll hits you but does no damage.
The gnoll barely misses you.
The gnoll hits you with a +2 spear of piercing!
You see here a gnoll corpse.
You take 11 damage, and have 14/45 hp.
MASSIVE DAMAGE!!
You barely miss the gnoll.
The gnoll hits you with a +2 spear of piercing.
* * * LOW HITPOINT WARNING * * *
x2 The gnoll hits you with a +2 spear of piercing!
You die...

[##.#####......####.# #.#
....#######.........###.#
#.........#.######......
#.#######.#.# #.##..#
#.#.# #.##..# #.#+##
#.##..# # #....## #......
#.###.###.....## #......
#.....g@)......###......
...##.#)........##......
.. +...).....'....... ..#
#.........###..... #.
##.......## #..... .
##...>.## #(.... ##.[.##
#..... ##+## #####. #.


You could see a gnoll.

Vanquished Creatures
  3 gnolls (D:2)
  4 adders (D:2)
  An ooze (D:2)
  3 dart slugs
  A leopard gecko (D:1)
  3 giant cockroaches
  3 goblins (D:1)
  7 hobgoblins
  4 jackals (D:1)
  A ball python (D:1)
  4 bats
  3 frilled lizards (D:1)
  4 kobolds
  4 rats
45 creatures vanquished.

Notes
Turn   | Place    | Note
-------+----------+-------------------------------------------
     0 | D:1      | Firecrotchwizard the Troll Berserker began the quest for
                  | the Orb.
     0 | D:1      | Reached XP level 1. HP: 22/22 MP: 0/0
   178 | D:1      | Reached skill level 3 in Maces & Flails
   245 | D:1      | Reached XP level 2. HP: 25/29 MP: 1/1
   932 | D:2      | Reached XP level 3. HP: 36/36 MP: 2/2
   987 | D:2      | Reached ** piety under Trog
  1192 | D:2      | Found a sacrificial altar of Ru.
  1193 | D:2      | Found an ornate altar of the Wu Jian Council.
  1273 | D:2      | Reached skill level 3 in Fighting
  1307 | D:2      | Reached skill level 4 in Maces & Flails
  1310 | D:2      | Reached XP level 4. HP: 44/45 MP: 3/3
  1588 | D:2      | HP: 10/45 [gnoll/+2 spear of piercing (5)]
  1588 | D:2      | Slain by a gnoll

Levels and vault maps discovered:
D:1:      dpeg_arrival_arbitrary_a, layout_basic, minivault_25
D:2:      layout_loops_corners, chequers_temple_overflow_statue_of_worship,
          uniq_jessica

Skill      XL: |  1  2  3 |
---------------+----------+-----
Maces & Flails | 3 4 |  4.4
Fighting       | 3 |  3.2
Dodging        | |  2.4

Action                   |  1- 3 |  4- 6 || total
-------------------------+-------+-------++-------
Melee: Mace              |   124 |    28 ||   152
Invok: Berserk           |       |     1 ||     1
 Stab: Sleeping          |     1 |       ||     1
  Eat: Chunk             |    18 |     1 ||    19
Armor: Animal skin       |    45 |    12 ||    57
Dodge: Dodged            |    68 |    17 ||    85

Table legend:
 A = Non-vault XP
 B = Vault XP
 C = Vault XP percentage of total XP
 D = Non-vault monster count
 E = Vault monster count
 F = Vault count percentage of total count
                 A         B        C        D         E       F
            +---------+---------+-------+---------+---------+-------
      Total |     171 |       0 |   0.0 |      45 |       0 |   0.0
            +---------+---------+-------+---------+---------+-------
        D:1 |      37 |       0 |   0.0 |      22 |       0 |   0.0
        D:2 |     134 |       0 |   0.0 |      23 |       0 |   0.0
            +---------+---------+-------+---------+---------+-------

Levels and vault maps discovered:
D:1:      dpeg_arrival_arbitrary_a, layout_basic, minivault_25
D:2:      layout_loops_corners, chequers_temple_overflow_statue_of_worship,
          uniq_jessica

Table legend:
 A = Turns spent in this place as a percentage of turns spent in the entire game.
 B = Non-inter-level travel turns spent in this place as a percentage of non-inter-level travel turns spent in the entire game.
 C = Inter-level travel turns spent in this place as a percentage of turns spent in this place.
 D = Turns resting spent in this place as a percentage of non-inter-level travel turns spent in this place.
 E = Turns spent auto-exploring this place as a percentage of non-inter-level travel turns spent in this place.
 F = Non-inter-level travel turns spent in this place divided by the number of levels of this place that you've seen.
                   A       B       C       D       E      F
               +-------+-------+-------+-------+-------+----------------------
         Total | 100.0 | 100.0 |   3.7 |   4.8 |  75.0 | 764.5
       Dungeon | 100.0 | 100.0 |   3.7 |   4.8 |  75.0 | 764.5
               +-------+-------+-------+-------+-------+----------------------

Table legend:
 A = Kills in this place as a percentage of kills in entire the game.
 B = Kills by you in this place as a percentage of kills by you in the entire game.
 C = Kills by friends in this place as a percentage of kills by friends in the entire game.
 D = Other kills in this place as a percentage of other kills in the entire game.
 E = Experience gained in this place as a percentage of experience gained in the entire game.
 F = Experience gained in this place divided by the number of levels of this place that you have seen.
                   A       B       C       D       E      F
               +-------+-------+-------+-------+-------+----------------------
         Total | 100.0 | 100.0 |   N/A |   N/A | 100.0 |  85.5
       Dungeon | 100.0 | 100.0 |   N/A |   N/A | 100.0 |  85.5
               +-------+-------+-------+-------+-------+----------------------
